Map: Ascension to Aiur LE

Players

PtitDrogo - Winner!

  • Race: Protoss Protoss
  • Spawn Location: 5:00

Gerald

  • Race: Protoss Protoss
  • Spawn Location: 11:00

Event: WCS Valencia 2017

VOD

Have the link to the VOD?

Description

Time

  • Played on: July 13, 2017, 7:19 a.m.
  • Length: 24:39

All games in this series

Show
View Real Time Build Order
Export as new Build Order

PtitDrogo Protoss - Winner!

Build Orders: Zealot Archon 

Get SALT Encoding   

  12  0:01  Probe (Chrono Boost)  
  13  0:11  Probe (Chrono Boost)  
  14  0:18  Pylon  
  14  0:22  Probe (Chrono Boost)  
  15  0:36  Probe (Chrono Boost), Gateway  
  15  0:41  Assimilator  
  16  0:46  Probe (Chrono Boost)  
  17  0:51  Assimilator  
  17  0:57  Probe (Chrono Boost)  
  18  1:08  Probe (Chrono Boost), Gateway  
  19  1:18  Probe (Chrono Boost)  
  20  1:24  Cybernetics Core  
  20  1:29  Probe (Chrono Boost)  
  21  1:37  Pylon  
  21  1:39  Probe (Chrono Boost)  
  22  1:50  Probe (Chrono Boost)  
  23  2:00  Stalker x2  
  27  2:03  Warp Gate (Chrono Boost)  
  27  2:10  Mothership Core  
  29  2:22  Pylon  
  29  2:30  Stalker  
  31  2:40  Probe, Stalker  
  34  3:10  Nexus  
  34  3:13  Probe  
  34  3:15  Pylon, Sentry  
  34  3:19  Sentry  
  39  3:33  Probe (Chrono Boost)  
  40  3:43  Twilight Council  
  40  3:44  Probe (Chrono Boost)  
  41  3:55  Probe (Chrono Boost)  
  42  3:56  Sentry  
  42  4:02  Robotics Facility  
  44  4:05  Probe (Chrono Boost)  
  45  4:16  Probe (Chrono Boost)  
  46  4:23  Charge, Probe (Chrono Boost)  
  47  4:26  Probe (Chrono Boost)  
  48  4:32  Pylon  
  48  4:33  Probe (Chrono Boost)  
  48  4:37  Probe (Chrono Boost)  
  50  4:40  Phoenix  
  50  4:42  Stalker  
  50  4:43  Stalker  
  50  4:44  Probe (Chrono Boost)  
  55  4:47  Probe (Chrono Boost)  
  55  5:03  Nexus  
  55  5:06  Pylon  
  55  5:07  Phoenix  
  55  5:08  Probe (Chrono Boost)  
  55  5:09  Probe (Chrono Boost)  
  55  5:11  Observer (Chrono Boost)  
  58  5:18  Probe  
  58  5:20  Gateway  
  58  5:21  Probe  
  60  5:22  Gateway  
  60  5:29  Probe  
  60  5:30  Phoenix, Assimilator  
  60  5:31  Assimilator  
  60  5:33  Probe  
  62  5:39  Probe  
  62  5:42  Immortal (Chrono Boost)  
  67  5:45  Probe  
  67  5:48  Templar Archives  
  68  5:57  Probe  
  68  5:59  Probe  
  70  6:07  Gateway  
  70  6:08  Probe  
  70  6:09  Gateway  
  72  6:11  Probe  
  72  6:16  Observer (Chrono Boost)  
  73  6:29  Probe  
  73  6:30  Probe  
  75  6:36  Probe  
  75  6:38  Pylon, Gateway x2, High Templar x2  
  75  6:39  Zealot x2  
  84  6:40  Probe  
  84  6:41  Pylon  
  84  6:44  Archon  
  85  6:49  Probe  
  85  6:52  Pylon x2  
  86  6:55  Pylon  
  86  7:00  Immortal (Chrono Boost)  
  88  7:05  High Templar x2  
  88  7:06  Zealot x2, Probe  
  88  7:07  Probe  
  88  7:08  Probe  
  99  7:10  Archon  
  99  7:22  Stalker x2  
  96  7:34  Probe  
  96  7:35  Probe  
  93  7:37  Probe  
  93  7:40  Warp Prism (Chrono Boost)  
  96  7:44  Forge  
  96  7:46  Probe  
  96  7:48  Probe  
  96  7:49  Probe  
  99  7:56  Pylon  
  99  7:57  Zealot x3, High Templar x2  
  99  7:58  Zealot, Probe  
  111  7:59  Probe  
  111  8:00  Probe  
  111  8:01  Archon  
  114  8:09  Probe  
  115  8:18  Probe x2, Protoss Ground Weapons Level 1 (Chrono Boost), Photon Cannon  
  117  8:20  Photon Cannon  
  117  8:21  Photon Cannon  
  117  8:26  Probe  
  117  8:33  High Templar x2  
  117  8:34  Zealot x4  
  126  8:37  Archon  
  130  8:42  Assimilator  
  130  8:43  Pylon, Assimilator  
  130  8:48  Zealot x2  
  110  9:13  Zealot x2  
  110  9:14  Zealot x5  
  120  9:19  Probe  
  120  9:20  Blink (Chrono Boost), Immortal (Chrono Boost)  
  96  9:36  Zealot  
  96  9:37  Zealot x7  
  108  9:39  Stargate  
  104  9:49  Stargate  
  104  9:50  Protoss Ground Weapons Level 2  
  100  9:58  Immortal (Chrono Boost)  
  100  10:11  Zealot x4  
  100  10:12  Zealot  
  110  10:14  Pylon  
  110  10:23  Phoenix (Chrono Boost)  
  110  10:27  Immortal  
  110  10:28  High Templar x2  
  110  10:29  Zealot  
  110  10:34  Zealot x5  
  130  10:36  Archon  
  130  10:41  Phoenix (Chrono Boost)  
  132  10:48  Phoenix (Chrono Boost)  
  132  10:55  Zealot x4  
  138  11:06  Phoenix (Chrono Boost)  
  138  11:10  Nexus, Phoenix (Chrono Boost)  
  136  11:12  Zealot  
  134  11:31  Phoenix (Chrono Boost)  
  134  11:32  Phoenix (Chrono Boost)  
  122  11:40  Immortal  
  118  11:49  Protoss Ground Weapons Level 3  
  118  11:52  Stalker x5  
  118  11:53  Stalker x2  
  130  11:56  Pylon  
  130  12:02  Probe x2  
  130  12:04  Photon Cannon  
  132  12:11  Dark Shrine  
  132  12:17  Probe x2, Immortal  
  132  12:18  Probe  
  139  12:25  Zealot  
  139  12:28  Zealot  
  139  12:29  Zealot  
  143  12:41  High Templar x4  
  143  12:42  Zealot  
  153  12:46  Archon x2  
  153  12:48  Zealot x2  
  145  12:59  Zealot  
  145  13:01  Phoenix (Chrono Boost)  
  145  13:04  Zealot, Phoenix (Chrono Boost)  
  151  13:09  Zealot x2  
  155  13:15  Stalker x2  
  131  13:27  Zealot x4  
  111  13:38  Zealot x2  
  109  13:46  Zealot x2  
  97  13:51  Immortal  
  97  13:55  Stalker x4  
  95  13:58  Stalker  
  95  14:00  Phoenix (Chrono Boost)  
  95  14:01  Stalker  
  105  14:07  High Templar  
  105  14:08  High Templar  
  109  14:10  Assimilator  
  109  14:11  Archon, Assimilator  
  106  14:25  Zealot x5, Immortal  
  112  14:34  Zealot  
  114  14:42  High Templar x2  
  122  14:45  Phoenix (Chrono Boost)  
  122  14:46  Archon  
  122  14:48  Zealot x4, Phoenix (Chrono Boost)  
  130  14:56  Protoss Ground Armor Level 1  
  130  14:58  Zealot x2  
  134  15:02  Immortal  
  134  15:14  Zealot x3, High Templar x2  
  140  15:18  Archon  
  148  15:33  High Templar x2  
  148  15:34  Zealot  
  148  15:35  Zealot x3  
  160  15:39  Warp Prism, Archon  
  164  15:52  Phoenix (Chrono Boost)  
  166  15:57  Nexus, Phoenix (Chrono Boost)  
  164  16:09  High Templar  
  164  16:10  Zealot x3, High Templar  
  170  16:14  Archon  
  170  16:23  Immortal  
  170  16:24  High Templar  
  172  16:29  High Templar  
  172  16:30  Zealot  
  160  16:36  Archon  
  154  16:41  High Templar  
  154  16:42  Zealot x3, High Templar  
  154  16:46  Archon  
  152  16:53  Phoenix (Chrono Boost)  
  150  16:57  Immortal  
  148  17:02  Zealot x3  
  150  17:08  Stalker x3  
  154  17:15  Pylon  
  154  17:19  Assimilator  
  148  17:23  Assimilator  
  148  17:25  Phoenix (Chrono Boost)  
  148  17:27  Phoenix (Chrono Boost)  
  150  17:30  High Templar x2  
  150  17:33  Immortal  
  150  17:34  Archon  
  150  17:35  Photon Cannon  
  152  17:50  Phoenix (Chrono Boost)  
  152  17:51  Zealot  
  152  17:52  Zealot  
  152  17:53  Phoenix (Chrono Boost)  
  152  17:55  Zealot x2  
  160  18:03  High Templar  
  160  18:04  Zealot x2, High Templar  
  168  18:09  Archon  
  148  18:22  Zealot x4  
  115  18:44  High Templar x3  
  115  18:45  High Templar  
  115  18:46  Zealot x4  
  115  18:48  Archon x2  
  116  19:13  Observer  
  91  19:31  Observer  
  91  19:32  High Templar x2  
  91  19:33  Zealot x6, Photon Cannon x2  
  91  19:35  Photon Cannon  
  91  19:36  Oracle (Chrono Boost)  
  91  19:38  Archon  
  107  19:55  Zealot x5  
  107  19:58  Assimilator  
  115  20:12  High Templar x2  
  115  20:13  Zealot  
  121  20:14  Probe  
  121  20:15  Probe  
  121  20:16  Probe x2  
  121  20:17  Archon  
  125  20:22  Zealot, High Templar x2  
  125  20:26  Archon  
  125  20:28  Probe x2, Stalker  
  135  20:30  Probe  
  98  20:42  Stalker x2  
  98  20:47  Observer  
  80  21:02  Protoss Ground Armor Level 2  
  80  21:05  Zealot x3  
  80  21:06  Zealot x3, Observer  
  93  21:22  Immortal, High Templar  
  95  21:26  High Templar  
  95  21:30  Archon  
  101  21:44  Zealot x4, High Templar x2  
  113  21:47  Archon  
  113  21:56  Immortal  
  113  22:08  Zealot x2, High Templar x2  
  121  22:13  Archon  
  125  22:20  Zealot x3  
  121  22:30  High Templar x2  
  121  22:32  Immortal  
  121  22:34  Archon  
  123  22:40  Zealot  
  131  22:54  Phoenix (Chrono Boost)  
  125  23:07  Immortal  
  129  23:13  Nexus  
  129  23:16  Zealot x2  
  133  23:20  Pylon  
  133  23:25  High Templar x2  
  133  23:26  Zealot  
  137  23:30  Archon  
  137  23:31  Zealot  
  139  23:39  Zealot x2  
  143  23:43  Photon Cannon  
  143  23:54  High Templar x2  
  143  23:55  Zealot x2  
  151  23:58  Archon  
  151  24:01  Zealot  
  151  24:03  Zealot  
  151  24:04  Zealot  
  149  24:10  Zealot x3  
  155  24:19  Zealot x2  
Show
View Real Time Build Order
Export as new Build Order

Gerald Protoss 

Build Orders:  

Get SALT Encoding   

  12  0:00  Probe (Chrono Boost)  
  13  0:11  Probe (Chrono Boost)  
  14  0:18  Pylon  
  14  0:22  Probe (Chrono Boost)  
  15  0:36  Probe (Chrono Boost), Gateway  
  15  0:42  Assimilator  
  16  0:47  Probe (Chrono Boost)  
  17  0:57  Probe (Chrono Boost)  
  17  1:00  Gateway  
  18  1:08  Probe (Chrono Boost)  
  18  1:09  Assimilator  
  20  1:18  Probe (Chrono Boost)  
  20  1:23  Cybernetics Core  
  20  1:29  Probe (Chrono Boost)  
  21  1:39  Probe (Chrono Boost)  
  22  1:46  Pylon  
  22  1:50  Probe (Chrono Boost)  
  23  2:07  Mothership Core (Chrono Boost)  
  25  2:08  Stalker x2  
  29  2:15  Warp Gate (Chrono Boost)  
  29  2:16  Pylon  
  29  2:25  Probe  
  30  2:37  Probe  
  31  2:46  Nexus  
  31  2:49  Probe  
  32  2:58  Pylon  
  32  3:03  Pylon  
  31  3:06  Probe  
  32  3:14  Robotics Facility  
  32  3:21  Probe  
  32  3:22  Sentry  
  32  3:27  Stalker  
  37  3:33  Probe  
  38  3:40  Twilight Council  
  38  3:45  Probe  
  39  3:57  Probe (Chrono Boost)  
  39  3:59  Probe (Chrono Boost)  
  41  4:04  Observer  
  41  4:09  Probe (Chrono Boost)  
  43  4:10  Probe (Chrono Boost)  
  43  4:12  Adept x2  
  48  4:18  Assimilator  
  48  4:19  Probe (Chrono Boost)  
  48  4:21  Probe (Chrono Boost), Pylon  
  50  4:30  Probe (Chrono Boost)  
  51  4:31  Probe (Chrono Boost)  
  51  4:35  Immortal  
  56  4:40  Probe (Chrono Boost)  
  56  4:42  Probe (Chrono Boost)  
  58  4:46  Pylon  
  58  4:51  Probe (Chrono Boost)  
  60  4:52  Probe (Chrono Boost)  
  58  5:02  Probe (Chrono Boost)  
  58  5:07  Stalker x2  
  58  5:12  Probe (Chrono Boost)  
  58  5:13  Gateway x2  
  62  5:15  Probe (Chrono Boost)  
  62  5:18  Gateway  
  62  5:20  Assimilator  
  63  5:25  Probe (Chrono Boost)  
  65  5:33  Probe (Chrono Boost)  
  66  5:36  Probe (Chrono Boost), Dark Shrine  
  67  5:43  Warp Prism (Chrono Boost)  
  68  5:50  Nexus  
  68  5:57  Pylon, Probe (Chrono Boost)  
  68  5:58  Probe (Chrono Boost)  
  70  6:04  Pylon  
  70  6:08  Stalker  
  70  6:09  Probe, Stalker  
  70  6:10  Probe  
  76  6:17  Stalker  
  78  6:22  Probe  
  79  6:28  Probe (Chrono Boost)  
  80  6:35  Probe (Chrono Boost)  
  80  6:38  Robotics Bay  
  80  6:39  Probe (Chrono Boost), Pylon  
  81  6:41  Blink (Chrono Boost)  
  81  6:46  Probe  
  83  6:53  Dark Templar x3  
  89  7:00  Dark Templar x2  
  93  7:02  Probe  
  93  7:06  Probe  
  95  7:09  Probe  
  95  7:11  Immortal  
  95  7:15  Probe  
  101  7:22  Probe  
  92  7:34  Probe  
  92  7:36  Probe  
  91  7:41  Pylon  
  91  7:43  Robotics Facility  
  92  7:44  Forge, Assimilator  
  92  7:47  Stalker x3  
  92  7:48  Assimilator  
  92  7:49  Probe, Disruptor (Chrono Boost)  
  100  7:58  Pylon  
  100  8:00  Pylon  
  100  8:07  Gateway  
  100  8:10  Gateway  
  100  8:12  Gateway  
  100  8:16  Protoss Ground Weapons Level 1 (Chrono Boost)  
  100  8:19  Stalker x3  
  106  8:20  Disruptor (Chrono Boost)  
  106  8:21  Stalker  
  111  8:30  Probe  
  111  8:32  Pylon  
  112  8:35  Pylon, Disruptor (Chrono Boost)  
  115  8:43  Stalker x2  
  115  8:44  Stalker  
  121  8:54  Disruptor (Chrono Boost)  
  103  9:10  Stalker x5  
  101  9:21  Probe  
  101  9:23  Probe  
  92  9:30  Probe  
  88  9:33  Probe  
  88  9:36  Probe, Disruptor (Chrono Boost)  
  92  9:44  Stalker x5  
  102  9:50  Nexus  
  102  9:52  Probe  
  103  9:53  Pylon  
  103  9:59  Disruptor (Chrono Boost)  
  106  10:01  Probe  
  106  10:02  Probe  
  108  10:07  Probe  
  108  10:12  Photon Cannon  
  109  10:15  Disruptor (Chrono Boost)  
  112  10:25  Probe  
  112  10:26  Probe  
  112  10:28  Probe  
  114  10:29  Pylon  
  115  10:35  Protoss Ground Weapons Level 2  
  115  10:38  Probe x2, Mothership Core, Disruptor (Chrono Boost)  
  122  10:47  Disruptor (Chrono Boost)  
  122  10:49  Probe  
  125  10:50  Probe  
  125  10:53  Zealot x2  
  126  10:58  Dark Templar  
  126  11:00  Probe  
  127  11:07  Zealot, Stalker  
  126  11:12  Probe  
  126  11:14  Stalker  
  129  11:21  Photon Cannon  
  129  11:24  Disruptor (Chrono Boost)  
  126  11:44  Probe  
  121  11:52  Dark Templar x3  
  121  11:53  Dark Templar  
  129  11:54  Probe  
  129  11:55  Probe  
  129  11:58  Probe  
  132  12:03  Archon x2  
  132  12:04  Archon  
  132  12:06  Stalker  
  132  12:07  Stalker x3  
  132  12:08  Probe x2  
  141  12:09  Probe  
  143  12:16  Probe  
  143  12:19  Photon Cannon  
  143  12:20  Probe  
  143  12:21  Assimilator  
  145  12:25  Probe, Disruptor (Chrono Boost), Assimilator  
  145  12:26  Disruptor (Chrono Boost)  
  145  12:28  Probe  
  153  12:30  Probe  
  153  12:32  Stalker  
  153  12:36  Pylon  
  156  12:38  Pylon  
  154  12:56  Disruptor (Chrono Boost)  
  148  13:02  Probe  
  148  13:03  Stalker x7  
  142  13:29  Probe  
  142  13:30  Disruptor (Chrono Boost)  
  142  13:31  Stalker x5  
  142  13:32  Stalker  
  117  13:56  Disruptor (Chrono Boost)  
  117  13:57  Stalker x3  
  126  14:06  Probe  
  126  14:09  Stalker x4  
  135  14:21  Nexus  
  124  14:36  Disruptor (Chrono Boost)  
  124  14:37  Disruptor (Chrono Boost)  
  126  14:39  Pylon  
  126  14:40  Dark Templar  
  126  14:42  Charge (Chrono Boost)  
  125  15:04  Disruptor (Chrono Boost)  
  125  15:05  Assimilator  
  125  15:07  Disruptor (Chrono Boost)  
  125  15:08  Assimilator  
  125  15:13  Photon Cannon  
  131  15:14  Photon Cannon  
  131  15:16  Photon Cannon x2, Stalker x2  
  131  15:17  Stalker x3  
  142  15:21  Probe  
  142  15:24  Pylon  
  142  15:26  Pylon  
  142  15:34  Disruptor  
  142  15:44  Probe x2  
  142  15:45  Probe  
  142  15:47  Stalker x4  
  142  15:48  Stalker x3  
  159  15:54  Gateway  
  159  15:55  Pylon, Gateway  
  159  15:56  Pylon  
  159  15:57  Gateway  
  159  15:58  Pylon, Disruptor  
  159  15:59  Gateway  
  162  16:07  Disruptor  
  165  16:21  Zealot, Dark Templar x3  
  165  16:22  Zealot x4  
  172  16:38  Probe  
  172  16:39  Photon Cannon  
  163  16:43  Zealot x5  
  166  16:49  Disruptor  
  156  17:12  Dark Templar x6  
  156  17:13  Dark Templar  
  159  17:18  Archon x2  
  153  17:23  Stalker  
  153  17:24  Probe, Stalker  
  153  17:25  Probe x2  
  160  17:32  Protoss Ground Weapons Level 3  
  158  17:50  Disruptor  
  161  17:53  Stalker x3  
  161  17:58  Archon x2  
  164  17:59  Archon  
  164  18:04  Disruptor  
  164  18:05  Stalker x3  
  122  18:32  Zealot, Dark Templar x2  
  122  18:33  Zealot x5  
  101  18:45  Disruptor  
  97  18:50  Disruptor  
  97  18:53  Stalker x3  
  97  18:55  Stalker  
  96  19:12  Stalker x4  
  91  19:21  Archon  
  89  19:24  Dark Templar  
  89  19:27  Dark Templar  
  93  19:35  Zealot x2  
  93  19:36  Zealot x2  
  98  19:46  Stalker x2  
  98  19:52  Stalker  
  94  20:13  Dark Templar x5  
  104  20:16  Photon Cannon  
  104  20:18  Archon x2  
  104  20:19  Disruptor  
  107  20:25  Archon  
  107  20:29  Zealot  
  109  20:39  Zealot x3  
  98  20:45  Zealot x2  
  98  20:46  Zealot x2  
  71  21:04  Dark Templar x3  
  75  21:08  Dark Templar, Archon  
  75  21:11  Dark Templar  
  77  21:21  Archon  
  77  21:23  Stalker  
  77  21:24  Stalker  
  81  21:28  Observer (Chrono Boost)  
  81  21:36  Stalker x2  
  85  21:44  Dark Templar x2  
  85  21:47  Dark Templar  
  91  21:51  Archon  
  91  21:58  Probe  
  92  22:06  Disruptor x2 (Chrono Boost)  
  98  22:10  Protoss Ground Armor Level 1  
  98  22:11  Dark Templar  
  98  22:14  Zealot x2  
  103  22:19  Zealot  
  100  22:44  Photon Cannon  
  92  22:54  Zealot, Dark Templar x4  
  92  22:55  Zealot  
  96  23:02  Photon Cannon  
  96  23:03  Probe  
  96  23:04  Archon  
  95  23:14  Dark Templar  
  97  23:25  Probe  
  99  23:27  Probe x2  
  100  23:37  Dark Templar x2  
  104  23:42  Archon  
  104  23:48  Probe  
  104  23:52  Zealot, Nexus  
  104  23:54  Pylon  
  106  24:16  Zealot x2  
  106  24:17  Zealot x5  
Tags
 
Add a new tag
Caveats
  • Supply blocks, unpowered buildings, or Contaminate may cause inaccurate times.
  • Supply counts are checked every 10 seconds.